AoeStats
← Capt_Obv

Arabia

509011221Analyzed
1v1 RM · 6d ago on Sep 25, 2026· 64m 48s· 2 players
Game mode
Random Map
Map size
Tiny (2 player)
Population
200
Speed
Normal
Resources
Standard
Victory
Conquest
Starting age
Dark Age
Ending age
Imperial Age
RankedLock teamsTeams togetherTeam positionsShared explorationLock speedFull tech treeHidden civsTurbo modeCheats
Victory
Defeat
🇨🇱 Goths · Chile
316
+7
🇺🇸 Celts · United States
108
-7
Capt_Obv
11:43 Feudal Age
10:02 Loom
16:04 Double-Bit Axe
17:21 Man-at-Arms
23:48 Horse Collar
24:12 Scale Mail Armor
24:23 Forging
31:46 Arson
36:22 Castle Age
35:23 Wheelbarrow
37:09 Pikeman
37:38 Gambesons
37:14 Long Swordsman
38:14 Chain Mail Armor
38:35 Iron Casting
44:31 Stronghold
47:56 Scale Barding Armor
47:43 Fletching
55:34 Heavy Plow
59:37 Chain Barding Armor
61:57 Imperial Age
62:22 Husbandry
62:20 Two-Handed Swordsman
62:22 Halberdier
63:22 Hand Cart
64:16 Champion
Ayapliano
2:28 Loom
11:35 Feudal Age
12:45 Horse Collar
13:02 Gold Mining
13:29 Town Watch
14:24 Man-at-Arms
15:13 Scale Mail Armor
16:33 Forging
17:27 Double-Bit Axe
21:05 Wheelbarrow
25:51 Castle Age
25:07 Bloodlines
26:06 Stone Mining
26:14 Long Swordsman
27:21 Town Patrol
27:38 Squires
28:12 Heavy Plow
29:44 Husbandry
30:36 Iron Casting
30:43 Iron Casting
33:17 Stone Shaft Mining
34:03 Bow Saw
37:11 Anarchy
37:17 Anarchy
37:59 Hand Cart
38:28 Scale Barding Armor
43:42 Murder Holes
53:10 Imperial Age
54:02 Perfusion
55:10 Conscription
56:54 Elite Huskarl
Connection lost

Rejoining the realm…

Still unreachable

The connection could not be restored.

Session expired

The server has moved on; the page needs a fresh start.